 Dungeon Crawl Stone Soup version 0.29.0-4-gdea44cf6ec (webtiles) character file.

Game seed: 9758072034744834310

75 qw the Ruffian (level 4, -5/35 HPs)
             Began as a Ghoul Fire Elementalist on Aug 29, 2022.
             Slain by Sigmund
             ... wielding a +0 scythe
              (6 damage)
             ... on level 2 of the Dungeon.
             The game lasted 00:01:33 (2143 turns).

qw the Ruffian (Ghoul Fire Elementalist)            Turns: 2143, Time: 00:01:34

Health: -5/35      AC:  5    Str: 19    XL:     4   Next: 31%
Magic:  5/5        EV: 11    Int: 10    God:
Gold:   46         SH:  0    Dex:  9    Spells: 5/6 levels left

rFire   . . .      SeeInvis .     - Unarmed
rCold   + . .      Faith    .   (no shield)
rNeg    + + +      Spirit   .   e - +0 ring mail
rPois   inf        Reflect  .   (no helmet)
rElec   .          Harm     .   (no cloak)
rCorr   .          Rampage  .   (no gloves)
Will    .....                   (no boots)
Stlth   +.........              (no amulet)
HPRegen 0.00/turn               g - +6 ring of strength
MPRegen 0.09/turn               (no ring)

@: inhibited regen
A: claws 1, cold resistance 1, negative energy resistance 3, inhibited
regeneration, torment resistance 2, devour on kill
a: no special abilities


You were on level 2 of the Dungeon.
You visited 1 branch of the dungeon, and saw 2 of its levels.

You collected 46 gold pieces.


Innate Abilities, Weirdness & Mutations

You are immune to poison.
You have sharp fingernails.
Your flesh is cold resistant. (rC+)
You are immune to negative energy. (rN+++)
You do not regenerate when monsters are visible.
You are immune to unholy pain and torment.
You thrive by killing the living.


   Skills:
 - Level 1.1 Fighting
 - Level 1.7 Dodging
 - Level 2.1 Stealth
 + Level 3.9 Unarmed Combat
 - Level 1.7 Spellcasting
 - Level 0.7 Conjurations
 - Level 2.4 Fire Magic


You had 5 spell levels left.
You knew the following spells:

 Your Spells              Type           Power      Damage    Failure   Level
a - Foxfire               Conj/Fire      16%        2x1d4     28%         1

Your spell library contained the following spells:

 Spells                   Type           Power      Damage    Failure   Level
 Scorch                   Fire           10%        2d6       30%         2
 Conjure Flame            Conj/Fire      4%         6-21      65%         3
 Inner Flame              Hex/Fire       3%         N/A       71%         3
 Flame Wave               Conj/Fire      4%         2d5       96%         4

Inventory:

Armour
 e - a +0 ring mail (worn)
Jewellery
 b - a ring of protection from fire
 g - a +6 ring of strength (left claw)
Scrolls
 a - a scroll of torment {unknown}
 h - 2 scrolls of identify

Dungeon Overview and Level Annotations

Branches:
Dungeon (2/15)

Altars:
Cheibriados

Annotations:
D:2 Sigmund


Message History

Jessica hits you with a +0 dagger.
You scratch Jessica.
Jessica is heavily wounded.
The kobold closely misses you. Jessica closely misses you.
You scratch Jessica.
You kill Jessica!
You feel better. The kobold misses you.
You have reached level 4!
You closely miss the kobold. The kobold barely misses you. Something hits you.
You closely miss the kobold. The kobold hits you with a +0 mace.
You scratch the kobold.
The kobold is moderately wounded.
Something hits you! The kobold hits you but does no damage.
You claw the kobold!
You kill the kobold!
Something hits you but does no damage.
You swing at nothing.
You swing at nothing.
Something hits you.
You swing at nothing.
You swing at nothing.
Something hits you but does no damage.
You swing at nothing.
Something hits you.
You swing at nothing.
You swing at nothing.
Something hits you but does no damage.
You swing at nothing.
You swing at nothing.
You hear some strange, mumbled words.
A puff of flame appears from out of thin air!
The puff of flame hits you.
You swing at nothing.
Something hits you.
You swing at nothing.
Something hits you.
You die...

............#
...........#
..........#
.........#
........
{.... ## #))#
.# #@.# .#
#%.# .# ..
#..# .# ....
#..# .##.....
#..# ........
#..# ........
#..# .....##.
#..# .....#
#..#


There were no monsters in sight!

Vanquished Creatures
  Jessica (D:2)
  An adder (D:1)
  A worm (D:2)
  2 ball pythons
  2 bats (D:1)
  An endoplasm (D:1)
  6 goblins (D:1)
  3 hobgoblins (D:1)
  7 kobolds
  3 quokkas
  3 frilled lizards
  7 rats
37 creatures vanquished.

Notes
Turn   | Place    | Note
-------+----------+-------------------------------------------
     0 | D:1      | qw the Ghoul Fire Elementalist began the quest for the Orb.
     0 | D:1      | Reached XP level 1. HP: 14/14 MP: 2/2
     0 | D:1      | 0 ||| qw: Version: 0.1-a-90-g952f4b7
     0 | D:1      | 0 ||| qw: Game counter: 4168
     0 | D:1      | 0 ||| qw: Always use a shield: true
     0 | D:1      | 0 ||| qw: God list: Okawaru
     0 | D:1      | 0 ||| qw: Allow faded altars: false
     0 | D:1      | 0 ||| qw: Do Orc after D:15 true
     0 | D:1      | 0 ||| qw: Do second Lair branch before Depths: true
     0 | D:1      | 0 ||| qw: Lair rune preference: random
     0 | D:1      | 0 ||| qw: Plans: Normal
     0 | D:1      | 0 ||| PLANNING D:1-11
    70 | D:1      | 70 ||| Stepping ~*~*~tactically~*~*~ (stealth).
   182 | D:1      | 182 ||| Stepping ~*~*~tactically~*~*~ (stealth).
   187 | D:1      | 187 ||| Stepping ~*~*~tactically~*~*~ (stealth).
   196 | D:1      | Reached skill level 1 in Unarmed Combat
   443 | D:1      | Reached XP level 2. HP: 18/22 MP: 3/3
   540 | D:1      | Reached skill level 1 in Fighting
   913 | D:1      | 913 ||| Stepping ~*~*~tactically~*~*~ (stealth).
   979 | D:1      | 979 ||| Stepping ~*~*~tactically~*~*~ (stealth).
  1051 | D:1      | Reached skill level 2 in Unarmed Combat
  1558 | D:1      | Reached XP level 3. HP: 28/28 MP: 4/4
  1632 | D:1      | 1632 ||| Stepping ~*~*~tactically~*~*~ (stealth).
  1634 | D:1      | 1634 ||| Stepping ~*~*~tactically~*~*~ (stealth).
  1636 | D:1      | 1636 ||| Stepping ~*~*~tactically~*~*~ (stealth).
  1838 | D:1      | 1838 ||| UPGRADING to +0 leather armour.
  1848 | D:1      | 1848 ||| DROPPING +0 robe.
  1849 | D:1      | 1849 ||| UPGRADING to +0 ring mail.
  1859 | D:1      | 1859 ||| DROPPING +0 leather armour.
  1860 | D:1      | 1860 ||| UPGRADING to +6 ring of strength.
  1861 | D:1      | 1861 ||| READING scroll labelled TEHA WIUSIMO.
  1862 | D:1      | 1862 ||| READING 2 scrolls labelled BAKUIV FIPOIKK.
  1863 | D:1      | 1863 ||| READING scroll labelled GANIYD SAOCIO.
  1864 | D:1      | 1864 ||| READING scroll labelled VANGIDGHUTIR.
  1865 | D:1      | 1865 ||| DROPPING potion of magic.
  1922 | D:2      | 1922 ||| STAIRDANCE
  1940 | D:2      | Reached skill level 3 in Unarmed Combat
  1974 | D:2      | Found a snail-covered altar of Cheibriados.
  2120 | D:2      | Noticed Jessica
  2122 | D:2      | Noticed Sigmund
  2128 | D:2      | Killed Jessica
  2129 | D:2      | Reached XP level 4. HP: 25/35 MP: 5/5
  2141 | D:2      | HP: 7/35 [something/puff of flame (3)]
  2142 | D:2      | HP: 1/35 [something (6)]
  2143 | D:2      | Slain by Sigmund

Levels and vault maps discovered:
D:1:      roderic_crossed_star, layout_loops_corners
D:2:      layout_basic, serial_shops, shop,
          hellmonk_ecumenical_altar_arch_garden, basic_altar, minmay_between,
          uniq_robin, uniq_sigmund, uniq_jessica, uniq_terence,
          uniq_crazy_yiuf_cottage

Skill      XL: |  1  2  3 |
---------------+----------+-----
Unarmed Combat | 1 2 3 |  3.9
Fighting       | 1 |  1.1
Dodging        | |  1.7
Stealth        | |  2.1
Spellcasting   | |  1.7
Conjurations   | |  0.7
Fire Magic     | |  2.4

Action                   |  1- 3 |  4- 6 || total
-------------------------+-------+-------++-------
Melee: Unarmed           |   125 |     4 ||   129
       Punch             |     1 |       ||     1
  Use: Scroll            |     4 |       ||     4
Armor: Robe              |    12 |       ||    12
       Ring mail         |    12 |     4 ||    16
Dodge: Dodged            |    54 |     1 ||    55

Table legend:
 A = Non-vault XP
 B = Vault XP
 C = Vault XP percentage of total XP
 D = Non-vault monster count
 E = Vault monster count
 F = Vault count percentage of total count
                 A         B        C        D         E       F
            +---------+---------+-------+---------+---------+-------
      Total |      71 |      37 |  34.3 |      36 |       1 |   2.7
            +---------+---------+-------+---------+---------+-------
        D:1 |      56 |       0 |   0.0 |      27 |       0 |   0.0
        D:2 |      15 |      37 |  71.2 |       9 |       1 |  10.0
            +---------+---------+-------+---------+---------+-------
